 Dungeon Crawl Stone Soup version 0.30-a0-870-gc5d4c5acee (webtiles) character file.

Game seed: 4718275126142106841

532 cforsyth the Covered (level 7, 0/58 HPs)
             Began as a Barachi Fighter on Mar 12, 2023.
             Slain by Maggie
             ... wielding a +0 scimitar
              (4 damage)
             ... on level 6 of the Dungeon.
             The game lasted 00:06:09 (4141 turns).

cforsyth the Covered (Barachi Fighter)              Turns: 4141, Time: 00:06:09

Health: 0/58       AC: 11    Str: 25    XL:     7   Next: 24%
Magic:  7/7        EV:  9    Int:  8    God:
Gold:   266        SH:  4    Dex: 12    Spells: 6/6 levels left

rFire   . . .      SeeInvis .    a - +1 war axe
rCold   . . .      Faith    .    c - +0 buckler
rNeg    . . .      Spirit   .    b - +0 scale mail
rPois   .          Reflect  .    r - +1 helmet "Kotwepikh" {Str+6}
rElec   .          Rampage  .    (no cloak)
rCorr   .                        (no gloves)
Will    .....                    m - +0 pair of boots Stlth
                                 (no amulet)
HPRegen 0.29/turn                (no ring)
MPRegen 0.10/turn                (no ring)

@: mesmerised, slow
A: amphibious, slowness 1, strong legs 1, +LOS
a: Hop


You were on level 6 of the Dungeon.
You visited 1 branch of the dungeon, and saw 6 of its levels.

You collected 266 gold pieces.

Inventory:

Hand Weapons
 a - a +1 war axe (weapon)
Armour
 b - a +0 scale mail (worn)
 c - a +0 buckler (worn)
 m - a +0 pair of boots (worn)
 r - the +1 helmet "Kotwepikh" (worn) {Str+6}
   (You found it on level 3 of the Dungeon)

   Str:       It affects your strength (+6).
Jewellery
 e - a ring of fire
 p - a ring of poison resistance
Scrolls
 f - 2 scrolls of magic mapping
 i - a scroll of enchant armour {unknown}
 k - a scroll of vulnerability
 l - a scroll of fog
 n - a scroll of teleportation
 o - a scroll of fear
 t - a scroll of torment {unknown}
 u - a scroll of immolation {unknown}
Potions
 d - a potion of might
 g - 2 potions of mutation
 h - a potion of attraction
 j - a potion of curing
 q - a potion of cancellation
 v - a potion of magic
 w - a potion of flight


   Skills:
 + Level 6.2 Fighting
 + Level 5.1 Axes
 + Level 6.2 Armour
 - Level 3.5 Shields


You had 6 spell levels left.
You didn't know any spells.
Your spell library contained the following spells:

 Spells                   Type           Power      Damage    Failure   Level
 Freeze                   Ice            0%         1d3       77%         1
 Slow                     Hex            0%         N/A       77%         1
 Confusing Touch          Hex            0%         N/A       98%         3
 Frozen Ramparts          Ice            0%         1d1       98%         3
 Hailstorm                Conj/Ice       0%         3d3       98%         3
 Vampiric Draining        Necr           0%         2d6       98%         3
 Ice Form                 Ice/Tmut       0%         N/A       100%        4
 Summon Ice Beast         Ice/Summ       0%         N/A       100%        4


Dungeon Overview and Level Annotations

Branches:
Dungeon (6/15)             Temple (0/1) D:4

Altars:
Fedhas
Hepliaklqana
Makhleb
Trog
Zin

Annotations:
D:5 Blork the orc, Prince Ribbit
D:6 Maggie


Innate Abilities, Weirdness & Mutations

You are amphibious.
You cover ground slowly.
You can hop short distances.
You have an extended range of vision and can be seen from far away.


Message History

Things that are here:
a +0 short sword; 5 stones; a kobold corpse You hit Maggie.
Maggie is lightly wounded.
Maggie barely misses you.
You barely miss Maggie. Maggie closely misses you.
You barely miss Maggie. Maggie closely misses you.
You slash Maggie!
Maggie is moderately wounded.
Maggie barely misses you.
Maggie smiles, but it's obviously fake.
Maggie hits you with a +0 scimitar!
You are too injured to fight recklessly!
You are too injured to fight recklessly!
You are too injured to fight recklessly!
You are too injured to fight recklessly!
You are too injured to fight recklessly!
You are too injured to fight recklessly!
You are too injured to fight recklessly!
You are too injured to fight recklessly!
You are too injured to fight recklessly!
You slash Maggie!
Maggie is heavily wounded.
Maggie barely misses you.
You slash Maggie!
Maggie is severely wounded.
Maggie hits you with a +0 scimitar.
You slash Maggie!
Maggie is almost dead.
You block Maggie's attack.
You barely miss Maggie.
Maggie is almost dead.
You block Maggie's attack. Maggie casts a spell at you.
The bolt of fire hits you!!
* * * LOW HITPOINT WARNING * * *
You closely miss Maggie.
Maggie is almost dead.
Maggie hits you with a +0 scimitar.
You die...

#.####### #.# #.#
#.# #.# .. #.#
.... #)######
......###).....#
.......@@#####?#
......##.........
.... #..####.##
.. #..# ...# #.##
#.# #.# #.#


You could see Maggie (mesmerising).

Vanquished Creatures
  2 black bears
  A kobold brigand (D:6)
  Natasha (D:3)
  Terence (D:2)
  An iguana (D:3)
  An orc wizard (D:3)
  8 adders
  2 worms
  5 dart slugs
  7 orcs
  3 ball pythons
  6 bats
  4 endoplasms
  A giant cockroach (D:2)
  10 goblins
  8 hobgoblins
  3 jackals (D:1)
  15 kobolds
  7 quokkas
  4 frilled lizards
  3 rats
93 creatures vanquished.

Notes
Turn   | Place    | Note
-------+----------+-------------------------------------------
     0 | D:1      | cforsyth the Barachi Fighter began the quest for the Orb.
     0 | D:1      | Reached XP level 1. HP: 18/18 MP: 1/1
   134 | D:1      | Found a faded altar of an unknown god.
   161 | D:1      | Reached XP level 2. HP: 25/25 MP: 2/2
   674 | D:1      | Reached XP level 3. HP: 30/30 MP: 3/3
  1118 | D:2      | Noticed Terence
  1123 | D:2      | Killed Terence
  1124 | D:2      | Reached XP level 4. HP: 37/38 MP: 4/4
  1692 | D:3      | Reached XP level 5. HP: 27/43 MP: 5/5
  1844 | D:3      | Reached skill level 5 in Fighting
  1844 | D:3      | Reached skill level 5 in Armour
  1979 | D:3      | Noticed Natasha
  1985 | D:3      | Killed Natasha
  2138 | D:3      | Found a glowing silver altar of Zin.
  2259 | D:3      | Identified the +1 helmet "Kotwepikh" {Str+6}
  2290 | D:3      | Found a hazy altar of Hepliaklqana.
  2411 | D:3      | Found a burning altar of Makhleb.
  2602 | D:3      | Reached XP level 6. HP: 51/51 MP: 6/6
  2997 | D:4      | Found a blossoming altar of Fedhas.
  3026 | D:4      | Found a staircase to the Ecumenical Temple.
  3238 | D:5      | Entered Level 5 of the Dungeon
  3369 | D:5      | Noticed Prince Ribbit
  3373 | D:5      | Noticed Blork the orc
  3382 | D:5      | HP: 2/51 [Prince Ribbit (1)]
  3805 | D:6      | Noticed a black bear
  3806 | D:6      | Found a bloodstained altar of Trog.
  3806 | D:6      | Noticed a black bear
  3826 | D:5      | Killed a black bear
  3964 | D:6      | Killed a black bear
  3965 | D:6      | Reached XP level 7. HP: 44/58 MP: 7/7
  4119 | D:6      | Reached skill level 5 in Axes
  4127 | D:6      | Noticed Maggie
  4141 | D:6      | Slain by Maggie

Illustrated notes

Levels and vault maps discovered:
D:1:      minmay_arrival_open_corners, layout_basic,
          chequers_ecumenical_altar_island, dreamdust_princess_corridor
D:2:      layout_basic, minmay_fractal_squares_gapless_5, uniq_terence
D:3:      minmay_wonky_spiral, layout_loops_ring, old_standard_altar,
          mainiacjoe_overflow_surrounded_room, mainiacjoe_overflow_tiny_flanked,
          uniq_natasha
D:4:      layout_loops_cross, fedhas_altar_3, minmay_temple_entry_purple_smoke
D:5:      layout_basic, abandoned_shop, hangedman_decor_slide_cut,
          moated_statue, uniq_blork_the_orc, uniq_prince_ribbit1
D:6:      layout_loops_ring, trog_ov_bears_minmay, uniq_maggie, uniq_sigmund,
          uniq_eustachio

Skill      XL: |  1  2  3  4  5  6  7 |
---------------+----------------------+-----
Fighting       | 4 5 6 |  6.2
Armour         | 4 5 6 |  6.2
Axes           | 3 4 5 |  5.1
Shields        | |  3.5

Action                     |  1- 3 |  4- 6 |  7- 9 || total
---------------------------+-------+-------+-------++-------
  Melee: War axe           |    83 |   166 |    32 ||   281
    Use: Scroll            |       |    13 |     1 ||    14
 Armour: Scale mail        |    56 |    89 |    14 ||   159
  Dodge: Dodged            |    46 |    67 |    13 ||   126
  Block: Buckler           |    22 |    28 |     4 ||    54

Table legend: (Time is in decaauts)
 A = Elapsed time spent in this place.
 B = Non-inter-level travel time spent in this place.
 C = Inter-level travel time spent in this place.
 D = Time resting spent in this place.
 E = Time spent auto-exploring this place.
 F = Levels seen in this place.
 G = Mean time per level.
                   A        B        C        D        E       F      G
               +--------+--------+--------+--------+--------+-----+--------+
         Total |   4835 |   4733 |    102 |    128 |   3779 |   6 |  805.8 |
       Dungeon |   4835 |   4733 |    102 |    128 |   3779 |   6 |  805.8 |
               +--------+--------+--------+--------+--------+-----+--------+

Top non-repeatable levels by time:
     D:3: 1188 daAuts
     D:1: 1156 daAuts
     D:2: 803 daAuts
     D:5: 744 daAuts
     D:4: 698 daAuts
     D:6: 243 daAuts
